HSSL
GRAND RAPIDS HS SUMMIT @ TULSA HS AS
05/06/2029
 
TOP OF THE 1ST
Grand Rapids HS Summit batting - Pitching for Tulsa HS As : RHP Alfonso Marrero
Pitching: RHP Alfonso Marrero
Batting: RHB Rob Walker 0-0: Ball
1-0: Ball
2-0: Called Strike
2-1: Foul Ball, location: 2F
2-2: Strikes out swinging
Batting: RHB Julián Maez 0-0: Ball
1-0: SINGLE (Groundball, 5S) (infield hit)
Batting: LHB Daniel Orozco 0-0: Called Strike
0-1: Ball
Passed Ball!
Julián Maez to second
1-1: Foul Ball, location: 2F
1-2: Ball
2-2: Ball
3-2: Strikes out swinging
Batting: RHB Harry Wade 0-0: Swinging Strike
0-1: Foul Ball, location: 2F
0-2: Ball
1-2: Ball
2-2: Foul Ball, location: 2F
2-2: Ball
3-2: Strikes out swinging
Top of the 1st over - 0 runs, 1 hit, 0 errors, 1 left on base; Grand Rapids HS 0 - Tulsa HS 0
BOTTOM OF THE 1ST
Tulsa HS As batting - Pitching for Grand Rapids HS Summit : RHP Ron Fields
Pitching: RHP Ron Fields
Batting: RHB C.J. Pinnock 0-0: SOLO HOME RUN (Flyball, 7D), Distance : 390 ft
Batting: LHB Dave Leclair 0-0: SINGLE (Groundball, 6D)
Batting: RHB Ralph Young 0-0: Ball
1-0: Ball
2-0: Fly out, F5 (Popup, 5SF)
Batting: SHB José Hernández 0-0: Ball
1-0: Foul Ball, location: 2F
1-1: Foul Ball, location: 2F
1-2: Ball
2-2: Foul Ball, location: 2F
2-2: SINGLE (Groundball, 56D)
Dave Leclair to second
Batting: LHB Mark Wheeler 0-0: Ball
1-0: Swinging Strike
1-1: Foul Ball, location: 2F
1-2: Ball
2-2: Foul Ball, location: 2F
2-2: Fly out, F4 (Popup, 4M)
Batting: LHB Tim Black 0-0: Called Strike
0-1: Ball
1-1: Ball
2-1: Ball
3-1: Called Strike
3-2: Strikes out swinging
Bottom of the 1st over - 1 run, 3 hits, 0 errors, 2 left on base; Grand Rapids HS 0 - Tulsa HS 1
TOP OF THE 2ND
Grand Rapids HS Summit batting - Pitching for Tulsa HS As : RHP Alfonso Marrero
Batting: RHB Tyler Long 0-0: Called Strike
0-1: Called Strike
0-2: Strikes out looking
Batting: LHB Martin Greene 0-0: Foul Ball, location: 2F
0-1: Called Strike
0-2: Ball
1-2: Strikes out swinging
Batting: RHB Ted Morgan 0-0: Called Strike
0-1: Called Strike
0-2: Strikes out swinging
Top of the 2nd over - 0 runs, 0 hits, 0 errors, 0 left on base; Grand Rapids HS 0 - Tulsa HS 1
BOTTOM OF THE 2ND
Tulsa HS As batting - Pitching for Grand Rapids HS Summit : RHP Ron Fields
Batting: LHB Chris Smith 0-0: SINGLE (Flyball, 78M)
Batting: RHB Ricky Thomas 0-0: Ball
1-0: Foul Ball, location: 2F
1-1: Ball
2-1: Ball
3-1: Grounds into double play, 6-4-3 (Groundball, 6)
Batting: LHB Matt Clark 0-0: Called Strike
0-1: Foul Ball, location: 2F
0-2: Ball
1-2: SINGLE (Groundball, 6D)
Batting: RHB C.J. Pinnock 0-0: Ball
1-0: Ball
2-0: Called Strike
Matt Clark steals 2nd base
2-1: SINGLE (Line Drive, 89S)
Matt Clark to third
Runner from 3rd tries for Home, SAFE, throw made home
C.J. Pinnock to second
Batting: LHB Dave Leclair 0-0: Called Strike
0-1: Foul Ball, location: 2F
0-2: Ball
1-2: 2-RUN HOME RUN (Flyball, 7D), Distance : 373 ft
Batting: RHB Ralph Young 0-0: SINGLE (Line Drive, 4MD)
Batting: SHB José Hernández 0-0: Ball
1-0: SINGLE (Line Drive, 89S)
Ralph Young to second
Runner from 2nd tries for 3rd, SAFE, throw made to third
Batting: LHB Mark Wheeler 0-0: Foul Ball, location: 2F
0-1: SINGLE (Line Drive, 9LS)
Ralph Young scores
José Hernández to second
Batting: LHB Tim Black 0-0: Ball
1-0: Ball
2-0: Called Strike
2-1: Fly out, F7 (Flyball, 7S)
Bottom of the 2nd over - 4 runs, 7 hits, 0 errors, 2 left on base; Grand Rapids HS 0 - Tulsa HS 5
TOP OF THE 3RD
Grand Rapids HS Summit batting - Pitching for Tulsa HS As : RHP Alfonso Marrero
Batting: RHB José González 0-0: Called Strike
0-1: Called Strike
0-2: Ball
1-2: Foul Ball, location: 2F
1-2: Strikes out swinging
Batting: LHB Harry Adams 0-0: Foul Ball, location: 2F
0-1: Ball
1-1: Ball
2-1: Swinging Strike
2-2: Ground out 4-3 (Groundball, 34D)
Batting: RHB Rob Walker 0-0: Called Strike
0-1: Foul Ball, location: 2F
0-2: Ball
1-2: Strikes out looking
Top of the 3rd over - 0 runs, 0 hits, 0 errors, 0 left on base; Grand Rapids HS 0 - Tulsa HS 5
BOTTOM OF THE 3RD
Tulsa HS As batting - Pitching for Grand Rapids HS Summit : RHP Ron Fields
Batting: LHB Chris Smith 0-0: Called Strike
0-1: Ball
1-1: Ball
2-1: Fly out, F4 (Popup, 4S)
Batting: RHB Ricky Thomas 0-0: Called Strike
0-1: Ball
1-1: Foul Ball, location: 2F
1-2: Ball
2-2: Reached via error on a dropped throw, E1
Batting: LHB Matt Clark 0-0: Foul Ball, location: 2F
0-1: Ball
1-1: Ball
2-1: Ball
3-1: Swinging Strike
3-2: Fly out, F9 (Line Drive, 89D)
Batting: RHB C.J. Pinnock 0-0: TRIPLE (Flyball, 8LXD)
Ricky Thomas scores
Pitching: RHP Preston Holman
Batting: LHB Dave Leclair 0-0: Called Strike
0-1: Ball
1-1: Ball
2-1: Ball
3-1: Called Strike
3-2: Base on Balls
Batting: RHB Ralph Young 0-0: Ground out 4-3 (Groundball, 4)
Bottom of the 3rd over - 1 run, 1 hit, 1 error, 2 left on base; Grand Rapids HS 0 - Tulsa HS 6
TOP OF THE 4TH
Grand Rapids HS Summit batting - Pitching for Tulsa HS As : RHP Alfonso Marrero
Batting: RHB Julián Maez 0-0: Called Strike
0-1: Ball
1-1: Foul Ball, location: 2F
1-2: Foul Ball, location: 2F
1-2: Ball
2-2: Fly out, F7 (Flyball, 78S)
Batting: LHB Daniel Orozco 0-0: Called Strike
0-1: Foul Ball, location: 2F
0-2: Ball
1-2: Ball
2-2: Ball
3-2: Base on Balls
Batting: RHB Harry Wade 0-0: Swinging Strike
0-1: Foul Ball, location: 2F
0-2: Ball
1-2: Foul Ball, location: 2F
1-2: DOUBLE (Flyball, 89D)
Daniel Orozco to third
Runner from 3rd tries for Home, SAFE, no throw
Batting: RHB Tyler Long 0-0: Called Strike
0-1: Swinging Strike
0-2: Foul Ball, location: 2F
0-2: Strikes out looking
Batting: LHB Martin Greene 0-0: Ball
1-0: Called Strike
1-1: Swinging Strike
1-2: Foul Ball, location: 2F
1-2: Ball
2-2: Strikes out swinging
Top of the 4th over - 1 run, 1 hit, 0 errors, 1 left on base; Grand Rapids HS 1 - Tulsa HS 6
BOTTOM OF THE 4TH
Tulsa HS As batting - Pitching for Grand Rapids HS Summit : RHP Preston Holman
Batting: SHB José Hernández 0-0: DOUBLE (Line Drive, 89D)
Batting: LHB Mark Wheeler 0-0: Ball
1-0: Ball
2-0: Ball
3-0: Base on Balls
Batting: LHB Tim Black 0-0: Swinging Strike
0-1: Foul Ball, location: 2F
0-2: Ball
1-2: Ball
2-2: Fly out, F8 (Flyball, 8LS)
Batting: LHB Chris Smith 0-0: Ball
1-0: Ball
2-0: Ball
3-0: Called Strike
3-1: Base on Balls
José Hernández to third
Mark Wheeler to second
Batting: RHB Ricky Thomas 0-0: Called Strike
0-1: Ball
1-1: Ball
2-1: Swinging Strike
2-2: Strikes out swinging
Batting: LHB Matt Clark 0-0: Ball
1-0: Called Strike
1-1: Ball
2-1: Called Strike
2-2: Ball
3-2: Foul Ball, location: 2F
3-2: Ground out 3-1 (Groundball, 34S)
Bottom of the 4th over - 0 runs, 1 hit, 0 errors, 3 left on base; Grand Rapids HS 1 - Tulsa HS 6
TOP OF THE 5TH
Grand Rapids HS Summit batting - Pitching for Tulsa HS As : RHP Alfonso Marrero
Batting: RHB Ted Morgan 0-0: Called Strike
0-1: Ground out 1-3 (Groundball, 15S)
Batting: RHB José González 0-0: Ball
1-0: Foul Ball, location: 2F
1-1: Ball
2-1: Foul Ball, location: 2F
2-2: Fly out, F8 (Flyball, 8RS)
Batting: LHB Harry Adams 0-0: Foul Ball, location: 2F
0-1: Ball
1-1: Foul Ball, location: 2F
1-2: Foul Ball, location: 2F
1-2: Ball
2-2: Ball
3-2: Foul Ball, location: 2F
3-2: Strikes out swinging
Top of the 5th over - 0 runs, 0 hits, 0 errors, 0 left on base; Grand Rapids HS 1 - Tulsa HS 6
BOTTOM OF THE 5TH
Tulsa HS As batting - Pitching for Grand Rapids HS Summit : RHP Preston Holman
Batting: RHB C.J. Pinnock 0-0: Fly out, F8 (Line Drive, 89D)
Batting: LHB Dave Leclair 0-0: Ball
1-0: Foul Ball, location: 2F
1-1: Ball
2-1: Ball
3-1: Foul Ball, location: 2F
3-2: Base on Balls
Batting: RHB Ralph Young 0-0: Ball
1-0: Called Strike
1-1: Swinging Strike
1-2: Ball
2-2: Foul Ball, location: 2F
2-2: Foul Ball, location: 2F
2-2: SINGLE (Line Drive, 4MD)
Dave Leclair to second
Runner from 2nd tries for 3rd, SAFE, throw made to third
Batting: SHB José Hernández 0-0: Ball
1-0: Ball
2-0: SINGLE (Line Drive, 9S)
Dave Leclair scores
Ralph Young to second
Batting: LHB Mark Wheeler 0-0: 3-RUN HOME RUN (Flyball, 89XD), Distance : 426 ft
Pitching: LHP Greg Kennedy
Batting: LHB Tim Black 0-0: Ball
1-0: SINGLE (Flyball, 8LS)
Batting: LHB Chris Smith 0-0: Called Strike
0-1: Ball
1-1: SINGLE (Groundball, 3S) (infield hit)
Tim Black to second
Batting: RHB Ricky Thomas 0-0: Ball
1-0: Ball
2-0: Called Strike
2-1: Called Strike
2-2: Strikes out looking
Batting: LHB Matt Clark 0-0: Ball
1-0: Ground out 4-3 (Groundball, 4)
Bottom of the 5th over - 4 runs, 5 hits, 0 errors, 2 left on base; Grand Rapids HS 1 - Tulsa HS 10
TOP OF THE 6TH
Grand Rapids HS Summit batting - Pitching for Tulsa HS As : RHP Alfonso Marrero
Pitching: LHP Joe Kirk
Batting: RHB Rob Walker 0-0: Called Strike
0-1: Ball
1-1: Called Strike
1-2: Strikes out looking
Batting: RHB Julián Maez 0-0: Ball
1-0: Ground out 5-3 (Groundball, 5S)
Batting: LHB Daniel Orozco 0-0: Ball
1-0: Foul Ball, location: 2F
1-1: Ball
2-1: Ball
3-1: Swinging Strike
3-2: Base on Balls
Batting: RHB Harry Wade 0-0: Ball
1-0: Foul Ball, location: 2F
1-1: Swinging Strike
1-2: Ball
2-2: Foul Ball, location: 2F
2-2: Ball
3-2: Foul Ball, location: 2F
3-2: Hit by Pitch
Daniel Orozco to second
Batting: RHB Tyler Long 0-0: Ball
1-0: Foul Ball, location: 2F
1-1: Fly out, F8 (Flyball, 8RD)
Top of the 6th over - 0 runs, 0 hits, 0 errors, 2 left on base; Grand Rapids HS 1 - Tulsa HS 10
BOTTOM OF THE 6TH
Tulsa HS As batting - Pitching for Grand Rapids HS Summit : LHP Greg Kennedy
Batting: RHB C.J. Pinnock 0-0: Ball
1-0: Ball
2-0: Foul Ball, location: 2F
2-1: Swinging Strike
2-2: Strikes out looking
Batting: LHB Dave Leclair 0-0: Ball
1-0: Swinging Strike
1-1: Ball
2-1: Ball
3-1: Base on Balls
Batting: RHB Ralph Young 0-0: Foul Ball, location: 2F
0-1: Called Strike
0-2: Ball
1-2: Grounds into double play, 4-6-3 (Groundball, 4)
Bottom of the 6th over - 0 runs, 0 hits, 0 errors, 0 left on base; Grand Rapids HS 1 - Tulsa HS 10
TOP OF THE 7TH
Grand Rapids HS Summit batting - Pitching for Tulsa HS As : LHP Joe Kirk
Batting: LHB Martin Greene 0-0: Fly out, F9 (Flyball, 9D)
Batting: RHB Ted Morgan 0-0: Ball
1-0: Ball
2-0: Ball
3-0: Base on Balls
Batting: RHB José González 0-0: Swinging Strike
0-1: Fielders Choice at 2nd, 6-4 (Groundball, 6)
Batting: LHB Harry Adams 0-0: Foul Ball, location: 2F
0-1: DOUBLE (Line Drive, 7LM)
José González to third
Runner from 3rd tries for Home, SAFE, no throw
Batting: RHB Rob Walker 0-0: Ball
1-0: Ball
2-0: Ball
3-0: Base on Balls
Batting: RHB Julián Maez 0-0: Ball
1-0: Ball
2-0: Foul Ball, location: 2F
2-1: Foul Ball, location: 2F
2-2: Fly out, F9 (Flyball, 9S)
Top of the 7th over - 1 run, 1 hit, 0 errors, 2 left on base; Grand Rapids HS 2 - Tulsa HS 10
BOTTOM OF THE 7TH
Tulsa HS As batting - Pitching for Grand Rapids HS Summit : LHP Greg Kennedy
Batting: SHB José Hernández 0-0: Ground out 6-3 (Groundball, 6S)
Batting: LHB Mark Wheeler 0-0: Ball
1-0: Called Strike
1-1: Swinging Strike
1-2: Strikes out looking
Batting: LHB Tim Black 0-0: Called Strike
0-1: Ball
1-1: Ball
2-1: SINGLE (Flyball, 8LS)
Batting: LHB Chris Smith 0-0: Foul Ball, location: 2F
0-1: Fly out, F8 (Flyball, 89D)
Bottom of the 7th over - 0 runs, 1 hit, 0 errors, 1 left on base; Grand Rapids HS 2 - Tulsa HS 10
TOP OF THE 8TH
Grand Rapids HS Summit batting - Pitching for Tulsa HS As : LHP Joe Kirk
Now at C: Jason Becker
Now at 2B: Raúl García
Batting: LHB Daniel Orozco 0-0: Called Strike
0-1: DOUBLE (Line Drive, 9D)
Batting: RHB Harry Wade 0-0: Foul Ball, location: 2F
0-1: Ball
1-1: Foul Ball, location: 2F
1-2: Ball
2-2: Foul Ball, location: 2F
2-2: Foul Ball, location: 2F
2-2: Strikes out swinging
Batting: RHB Tyler Long 0-0: Foul Ball, location: 2F
0-1: SINGLE (Line Drive, 4D)
Daniel Orozco to third
Runner from 3rd tries for Home, throw and OUT!
Batting: LHB Martin Greene 0-0: Swinging Strike
0-1: Ball
1-1: Swinging Strike
1-2: Ball
2-2: Ball
3-2: Foul Ball, location: 2F
3-2: Foul Ball, location: 2F
3-2: Foul Ball, location: 2F
3-2: Strikes out swinging
Top of the 8th over - 0 runs, 2 hits, 0 errors, 1 left on base; Grand Rapids HS 2 - Tulsa HS 10
BOTTOM OF THE 8TH
Tulsa HS As batting - Pitching for Grand Rapids HS Summit : LHP Greg Kennedy
Batting: RHB Ricky Thomas 0-0: Called Strike
0-1: Ball
1-1: Called Strike
1-2: Foul Ball, location: 2F
1-2: Foul Ball, location: 2F
1-2: Ground out 6-3 (Groundball, 6)
Batting: LHB Matt Clark 0-0: Ball
1-0: Ball
2-0: Ground out U3 (Groundball, 34)
Batting: RHB C.J. Pinnock 0-0: Ball
1-0: Ball
2-0: Called Strike
2-1: Foul Ball, location: 2F
2-2: Ball
3-2: Foul Ball, location: 2F
3-2: Base on Balls
Batting: LHB Dave Leclair 0-0: Called Strike
0-1: Foul Ball, location: 2F
0-2: Ball
1-2: Ball
2-2: 2-RUN HOME RUN (Flyball, 9D), Distance : 406 ft
Batting: RHB Ralph Young 0-0: Ball
1-0: Swinging Strike
1-1: Foul Ball, location: 2F
1-2: Ball
2-2: Ball
3-2: DOUBLE (Line Drive, 78D)
Batting: RHB Raúl García 0-0: Swinging Strike
0-1: Ball
1-1: Hit by Pitch
Batting: LHB Mark Wheeler 0-0: Fly out, F8 (Flyball, 8RM)
Bottom of the 8th over - 2 runs, 2 hits, 0 errors, 2 left on base; Grand Rapids HS 2 - Tulsa HS 12
TOP OF THE 9TH
Grand Rapids HS Summit batting - Pitching for Tulsa HS As : LHP Joe Kirk
Batting: RHB Ted Morgan 0-0: SINGLE (Groundball, 34) (infield hit)
Pitching: RHP Bill Barnes
Batting: RHB José González 0-0: Foul Ball, location: 2F
0-1: 2-RUN HOME RUN (Flyball, 9LD), Distance : 367 ft
Batting: LHB Harry Adams 0-0: Ball
1-0: Called Strike
1-1: Ball
2-1: Swinging Strike
2-2: Strikes out looking
Batting: RHB Rob Walker 0-0: Ball
1-0: Ball
2-0: Ball
3-0: Base on Balls
Batting: RHB Julián Maez 0-0: Ball
1-0: Ball
2-0: SINGLE (Groundball, 56D)
Rob Walker to second
Batting: LHB Daniel Orozco 0-0: Ball
1-0: Ball
2-0: Ball
3-0: Base on Balls
Rob Walker to third
Julián Maez to second
Batting: RHB Harry Wade 0-0: Called Strike
0-1: Grounds into double play, 5-4-3 (Groundball, 56)
Top of the 9th over - 2 runs, 3 hits, 0 errors, 2 left on base; Grand Rapids HS 4 - Tulsa HS 12
Saturday, December 16th, 2017 - OOTP Baseball 18.8 Build 76